 Dungeon Crawl Stone Soup version 0.24-a0-22-g2a401c0 (webtiles) character file.

Game seed: 7550596988980907395

9 Lanoc the Slasher (level 2, -1/27 HPs)
             Began as a Deep Dwarf Chaos Knight on Feb 1, 2019.
             Was a Plaything of Xom.
             Slain by a snapping turtle (glowing shapeshifter) (14 damage)
             ... on level 1 of the Dungeon.
             The game lasted 00:00:43 (118 turns).

Lanoc the Slasher (Deep Dwarf Chaos Knight)          Turns: 118, Time: 00:00:44

Health: -1/27      AC:  5    Str: 15    XL:     2   Next: 3%
Magic:  2/2        EV: 11    Int: 12    God:    Xom [..*...]
Gold:   50         SH:  0    Dex: 12    Spells: 1/1 levels left

rFire    . . .     SeeInvis .   a - +0 falchion (chaos)
rCold    . . .     Gourm    .   (no shield)
rNeg     . . .     Faith    .   b - +2 leather armour
rPois    .         Spirit   .   (no helmet)
rElec    .         Reflect  .   (no cloak)
rCorr    .         Harm     .   (no gloves)
MR       .....                  (no boots)
Stlth    +.........             (no amulet)
HPRegen  0.00/turn              (no ring)
MPRegen  0.08/turn              (no ring)

@: very slightly contaminated, non-regenerating, invisible
A: damage resistance, heal wounds, sense surroundings 1, no regeneration
a: Heal Wounds, Renounce Religion


You were on level 1 of the Dungeon.
You worshipped Xom.
You were a toy of Xom.
You were not hungry.

You visited 1 branch of the dungeon, and saw 1 of its levels.

You collected 50 gold pieces.

Inventory:

Hand Weapons
 a - a +0 falchion of chaos (weapon)
Armour
 b - a +2 leather armour (worn)
Potions
 d - a potion of curing {unknown}
Comestibles
 c - a ration


   Skills:
 + Level 2.8 Fighting
 * Level 3.2 Long Blades
 + Level 2.3 Armour
 + Level 1.3 Dodging


You had one spell level left.
You didn't know any spells.
Your spell library was empty.

Dungeon Overview and Level Annotations

Branches:
Dungeon (1/15)

Altars:


Innate Abilities, Weirdness & Mutations

You are resistant to damage.
You can heal yourself by infusing magical energy.
You passively map a small area around you.
You do not regenerate.


Message History

You hit the snapping turtle but do no damage.
The snapping turtle is poisoned.
The hobgoblin barely misses you.
You barely miss the snapping turtle. The snapping turtle barely misses you.
The hobgoblin closely misses you. The snapping turtle bites you!
The snapping turtle bites you but does no damage. "Go forth and destroy!"
You fade into invisibility!
You are very lightly contaminated with residual magic.
You hit the snapping turtle but do no damage.
The snapping turtle is lightly wounded.
The hobgoblin closely misses you.
You riposte.
You hit the hobgoblin but do no damage.
The hobgoblin flickers and vanishes!
Deactivating autopickup; reactivate with Ctrl-A.
The snapping turtle bites you.
You hit the snapping turtle but do no damage.
The snapping turtle is lightly wounded.
The snapping turtle bites you!
Ouch! That really hurt!
You die...
Xom roars with laughter!

###### ##.....#....
#....# ##...........
#....# #..##...#####
#....###.#####.# *
#...†...............
#........#######.#♣.
#....##### *...
#....# * .♣. #..@.#
*##...,
#..Kt#########......
#...g..(.......# ..
#####......†.## ..
#.>......# * ...
#........# ....
#........# .....
#........#...#..
#......$........


You could see a snapping turtle shaped shifter, a goblin and a kobold.

Vanquished Creatures
  2 dart slugs (D:1)
  A leopard gecko (D:1)
  A frilled lizard (D:1)
  A rat (D:1)
5 creatures vanquished.

Notes
Turn   | Place    | Note
-------+----------+-------------------------------------------
     0 | D:1      | Lanoc the Deep Dwarf Chaos Knight began the quest for the
                  | Orb.
     0 | D:1      | Reached XP level 1. HP: 20/20 MP: 1/1
    96 | D:1      | Reached XP level 2. HP: 25/27 MP: 2/2
   107 | D:1      | XOM: harmless Erth miscast
   109 | D:1      | XOM: harmless Tmut miscast
   112 | D:1      | Noticed a glowing shapeshifter
   112 | D:1      | a jackal changed into a glowing shapeshifter
   112 | D:1      | XOM: harmless Fire miscast
   112 | D:1      | Noticed an elephant
   112 | D:1      | a glowing shapeshifter changed into an elephant
   112 | D:1      | Noticed a snapping turtle
   112 | D:1      | an elephant changed into a snapping turtle
   116 | D:1      | XOM: potion effect (invisibility)
   118 | D:1      | Slain by a snapping turtle (glowing shapeshifter)

Vault maps used:
D:1:      saegor_arrival_simple_d, serial_forest, infiniplex_forest_clump_small,
          infiniplex_forest_zigzag_1, infiniplex_forest_clump_long,
          infiniplex_forest_lined_4_way

Action                   || total
-------------------------++-------
Melee: Falchion          ||    17
Armor: Leather armour    ||     6
Dodge: Dodged            ||    11
       Rpst.: Falchion   ||     3

Table legend:
 A = Non-vault XP
 B = Vault XP
 C = Vault XP percentage of total XP
 D = Non-vault monster count
 E = Vault monster count
 F = Vault count percentage of total count
                 A         B        C        D         E       F
            +---------+---------+-------+---------+---------+-------
      Total |      13 |       0 |   0.0 |       5 |       0 |   0.0
            +---------+---------+-------+---------+---------+-------
        D:1 |      13 |       0 |   0.0 |       5 |       0 |   0.0
            +---------+---------+-------+---------+---------+-------
